 Dungeon Crawl Stone Soup version 0.23.0-3-gf3c87f2df8 (webtiles) character file.

Game seed: 18284333467154582334

192 HolyGrifer the Digger (level 5, -5/37 (39) HPs)
             Began as a Ghoul Earth Elementalist on Feb 25, 2019.
             Was a Follower of Wu Jian.
             Shot with an arrow by a centaur (11 damage)
             ... on level 3 of the Dungeon.
             The game lasted 00:16:09 (5353 turns).

HolyGrifer the Digger (Ghoul Earth Elementalist)    Turns: 5353, Time: 00:16:09

HP:   -5/37 (39)    AC:  5    Str: 12    XL:     5   Next: 71%
MP:   2/8           EV: 12    Int: 11    God:    Wu Jian [*.....]
Gold: 154           SH:  0    Dex:  9    Spells: 5/9 levels left

rFire    x . .     SeeInvis .   g - +2 short sword (flame)
rCold    + + .     Gourm    .   (no shield)
rNeg     + + +     Faith    .   c - +0 robe
rPois    ∞         Spirit   .   (no helmet)
rElec    .         Reflect  .   (no cloak)
rCorr    .         Harm     .   f - +0 pair of gloves
MR       .....                  o - +1 pair of boots
Stlth    ++........             (no amulet)
HPRegen  0.00/turn              a - ring of ice
MPRegen  0.11/turn              p - ring of positive energy

@: very slightly contaminated, rotting, drained
A: rotting body, claws 1, carnivore, cold resistance 1, negative energy
resistance 3, inhibited regeneration, torment resistance, unbreathing
a: Renounce Religion


You were on level 3 of the Dungeon.
You worshipped Wu Jian.
Wu Jian was aware of your devotion.
You were not hungry.

You visited 1 branch of the dungeon, and saw 3 of its levels.

You collected 154 gold pieces.

Inventory:

Hand Weapons
 e - a +0 hunting sling
 g - a +2 short sword of flaming (weapon)
Missiles
 b - 61 stones (quivered)
Armour
 c - a +0 robe (worn)
 f - a +0 pair of gloves (worn)
 o - a +1 pair of boots (worn)
Jewellery
 a - a ring of ice (left hand)
 l - an uncursed amulet of harm
 p - a ring of positive energy (right hand)
Scrolls
 h - 2 scrolls of identify
 k - a scroll of magic mapping
 m - a scroll of enchant weapon
Potions
 i - a potion of haste {unknown}
 j - 3 potions of heal wounds {unknown}
 n - a potion of lignification {unknown}
Comestibles
 d - 7 rations


   Skills:
 + Level 0.5(0.0) Fighting
 + Level 1.6(0.8) Short Blades
 + Level 2.3(1.5) Dodging
 + Level 2.9(2.1) Stealth
 + Level 0.1(0.0) Unarmed Combat
 + Level 2.9(2.2) Spellcasting
 + Level 0.4(0.0) Conjurations
   Level 0.9(0.1) Transmutations
 + Level 4.5(3.7) Earth Magic


You had 5 spell levels left.
You knew the following spells:

 Your Spells              Type           Power        Failure   Level  Hunger
a - Sandblast             Erth           #.....       6%          1    ##.....
c - Stone Arrow           Conj/Erth      #.....       36%         3    ####...

Your spell library contained the following spells:

 Spells                   Type           Power        Failure   Level  Hunger
 Passwall                 Tmut/Erth      #.......     19%         2    ###....
 Petrify                  Tmut/Erth      #.......     77%         4    #####..
 Lee's Rapid Deconstruct  Erth           #.........   86%         5    ######.


Dungeon Overview and Level Annotations

Branches:
Dungeon (3/15)

Altars:
Cheibriados
Wu Jian


Innate Abilities, Weirdness & Mutations

Your body is rotting away.
You thrive on raw meat.
You are immune to poison.
You have sharp fingernails.
You are carnivorous and can eat meat at any time.
Your flesh is cold resistant. (rC+)
You are immune to negative energy. (rN+++)
You do not regenerate when monsters are visible.
You are immune to unholy pain and torment.
You can survive without breathing.


Message History

You miscast Stone Arrow.
You are very lightly contaminated with residual magic.
Nothing appears to happen.
The centaur shoots an arrow.
The arrow barely misses you.
The centaur shoots an arrow.
The arrow hits you.
The centaur shoots an arrow.
The arrow closely misses you.
A goblin comes into view.
You see here an arrow.
The centaur shoots an arrow.
The arrow closely misses you.
Things that are here:
an arrow; 9 gold pieces The centaur unwields a +0 shortbow.
The centaur hits you. The centaur closely misses you.
You hit the centaur but do no damage. The centaur hits you.
You barely miss the centaur. The centaur hits you.
* * * LOW HITPOINT WARNING * * *
The centaur hits you.
* * * LOW HITPOINT WARNING * * *
The centaur wields a +0 shortbow.
The centaur shoots an arrow.
The arrow hits you!
You die...

.# .. ### #.# #..
..# #.# # ##..###
##### #.# #... g...#
#....##
#.###.###c.#.#
#......
####......@.....#
#....#.
#......(...([...###
#...#.#
#.##.######(.......
#.#._.
##.##.######(#.#####
#..#.#
#..##.......(#.#
#..(#.
#.############.#
#..†). #.# # ##.##.
#.# #.... #.####
#.###.##


You could see a centaur.

Vanquished Creatures
  A scorpion (D:2)
  An orc wizard (D:3)
  3 adders
  4 worms
  5 dart slugs
  A leopard gecko (D:2)
  3 orcs (D:3)
  6 bats
  2 giant cockroaches
  8 goblins
  11 hobgoblins
  6 kobolds
  A quokka (D:2)
  2 frilled lizards
  9 rats
63 creatures vanquished.

Notes
Turn   | Place    | Note
-------+----------+-------------------------------------------
     0 | D:1      | HolyGrifer the Ghoul Earth Elementalist began the quest for
                  | the Orb.
     0 | D:1      | Reached XP level 1. HP: 14/14 MP: 2/2
   349 | D:1      | Reached XP level 2. HP: 20/20 MP: 0/4
  1138 | D:1      | Learned a level 2 spell: Passwall
  1190 | D:1      | Reached XP level 3. HP: 15/25 MP: 0/5
  2637 | D:2      | Learned a level 3 spell: Stone Arrow
  2689 | D:2      | Reached skill level 4 in Earth Magic
  3187 | D:2      | Reached XP level 4. HP: 28/32 MP: 1/6
  4018 | D:2      | Reached skill level 1 in Short Blades
  4018 | D:2      | Reached XP level 5. HP: 11/37 MP: 0/7
  5041 | D:3      | Found a snail-covered altar of Cheibriados.
  5214 | D:3      | Found a faded altar of an unknown god.
  5232 | D:3      | Became a worshipper of the Wu Jian Council
  5232 | D:3      | Reached * piety under Wu Jian
  5343 | D:3      | Noticed a centaur
  5353 | D:3      | Shot with an arrow by a centaur

Skill      XL: |  1  2  3  4 |
---------------+-------------+-----
Spellcasting   | 2 |  2.9
Dodging        | 2 |  2.3
Earth Magic    | 4 |  4.5
Short Blades   | 1 |  1.6
Fighting       | |  0.5
Stealth        | |  2.9
Unarmed Combat | |  0.1
Conjurations   | |  0.4
Transmutations | |  0.9

Action                   |  1- 3 |  4- 6 || total
-------------------------+-------+-------++-------
Melee: Unarmed           |    41 |       ||    41
       Short sword       |    36 |    54 ||    90
Throw: Stone             |       |     1 ||     1
 Cast: Sandblast         |    27 |    29 ||    56
       Stone Arrow       |     3 |    12 ||    15
       Passwall          |     3 |       ||     3
  Use: Scroll            |     1 |     6 ||     7
 Stab: Sleeping          |     1 |       ||     1
  Eat: Chunk             |    10 |    11 ||    21
Armor: Robe              |    20 |    11 ||    31
Dodge: Dodged            |    67 |    43 ||   110
